[Event "Team 45 45 League T61"]
[Site "Internet Chess Club"]
[Date "2014.06.21"]
[Round "4"]
[White "Toodles"]
[Black "Salvatore"]
[Result "0-1"]
[WhiteElo "1458"]
[BlackElo "1600"]
[Opening "Sicilian: Pelikan (Lasker/Sveshnikov) variation"]
[ECO "B33"]
[Time "19:09:51"]
[TimeControl "2700+45"]

1. e4 c5 2. Nf3 Nc6 3. d4 cxd4 4. Nxd4 Nf6 5. Nc3 e5 6. Nb3 Bb4 7. f3 O-O 8. Bd2
Nh5 9. a3 Qh4+ 10. Ke2 Bxc3 11. Bxc3 Nf4+ 12. Ke3 Qh6 13. Kf2 d6 14. Bd2 Qf6 15.
Bxf4 exf4 16. c3 Ne5 17. Bd3 Be6 18. Bc2 Nc4 19. Qd4 Qg5 20. Bd3 Ne3 21. Bf1
Bxb3 22. Qxd6 Rad8 23. Qb4 Rd2+ 24. Ke1 Nc2+ 25. Kxd2 Nxb4 26. axb4 Rd8+ 27. Ke2
Qb5+ 28. Ke1 Qb6 29. g3 Qe3+ 30. Be2 Bc4 {White resigns} 0-1

[Event "Team 45 45 League T61"]
[Site "Internet Chess Club"]
[Date "2014.06.22"]
[Round "4"]
[White "Invicta-Knight"]
[Black "arnav07"]
[Result "1-0"]
[WhiteElo "1480"]
[BlackElo "1404"]
[Opening "Center game"]
[ECO "C22"]
[Time "07:15:43"]
[TimeControl "2700+45"]

1. e4 e5 2. d4 exd4 3. Qxd4 Nc6 4. Qd3 Bc5 5. Qg3 Bf8 6. Bd2 Nge7 7. f4 d5 8. e5
Ng6 9. Nc3 Be7 10. O-O-O Bh4 11. Qf3 d4 12. Nce2 Be6 13. Bc3 h5 14. h3 Be7 15.
Nxd4 Nxd4 16. Rxd4 Qc8 17. g3 c6 18. Bc4 Bc5 19. Bxe6 fxe6 20. Rd3 Qc7 21. Ne2
Rd8 22. Rhd1 Rxd3 23. Rxd3 h4 24. g4 Rf8 25. Bd4 Nxe5 26. Bxe5 Qxe5 27. fxe5
{Black resigns} 1-0

[Event "Team 45 45 League T61"]
[Site "Internet Chess Club"]
[Date "2014.06.21"]
[Round "4"]
[White "SilentKnight"]
[Black "otherook"]
[Result "1/2-1/2"]
[WhiteElo "1640"]
[BlackElo "1782"]
[Opening "Nimzo-Indian: classical variation"]
[ECO "E32"]
[Time "15:00:38"]
[TimeControl "2700+45"]

1. d4 e6 2. c4 Bb4+ 3. Nc3 Nf6 4. Qc2 b6 5. Bg5 h6 6. Bh4 d6 7. a3 Bxc3+ 8. Qxc3
Bb7 9. Nf3 O-O 10. e3 Nbd7 11. Bd3 a5 12. O-O e5 13. dxe5 dxe5 14. Bf5 Bxf3 15.
gxf3 Qe7 16. Bxd7 Qxd7 17. Qxe5 Qc6 18. Bxf6 Qxf6 19. Qxf6 gxf6 20. Rad1 Rfd8
21. Kg2 Kf8 22. Kg3 Ke7 23. f4 f5 24. f3 Kf6 25. Rd5 c6 26. Rd4 Rxd4 27. exd4
Rd8 28. Rd1 Ke6 29. Kh4 Rg8 30. d5+ cxd5 31. cxd5+ Kd6 32. Rd2 Rg1 33. Kh5 Rg6
34. b3 Rf6 35. Kh4 Rg6 36. Kh3 Rg1 37. Rd3 Rg6 38. Rd2 Rg1 39. Re2 Rb1 40. Re5
Rxb3 41. Rxf5 Rxf3+ 42. Kg4 Rxa3 43. Rf6+ Kxd5 44. Rxb6 Kc5 45. Rxh6 Rd3 46. Ra6
Kb5 47. Ra7 f6 48. h4 a4 49. h5 Rd1 50. Kf5 Rh1 51. Kg6 Rg1+ 52. Kxf6 Rh1 53.
Kg6 Rg1+ 54. Kf5 Rh1 55. Kg5 Rg1+ 56. Kh6 Rf1 57. Kh7 Rxf4 58. h6 Rh4 59. Kg7
Kb4 60. h7 a3 61. h8=Q Rxh8 62. Kxh8 Kb3 63. Rb7+ Kc2 64. Ra7 {Game drawn by
mutual agreement} 1/2-1/2

[Event "Team 45 45 League T61"]
[Site "Internet Chess Club"]
[Date "2014.06.22"]
[Round "4"]
[White "crazyhorses"]
[Black "JeffH"]
[Result "0-1"]
[WhiteElo "1402"]
[BlackElo "1715"]
[Opening "Réti: King's Indian attack"]
[ECO "E68"]
[Time "11:01:16"]
[TimeControl "2700+45"]

1. Nf3 Nf6 2. g3 g6 3. Bg2 Bg7 4. O-O O-O 5. c4 d6 6. d4 c6 7. Nc3 Nbd7 8. e4 e5
9. Re1 Re8 10. Qc2 Qb6 11. d5 cxd5 12. cxd5 Nc5 13. Nd2 Bd7 14. Nc4 Qc7 15. b3
b5 16. Nd2 a5 17. Ne2 Rec8 18. Ba3 Qb6 19. Qb1 b4 20. Nc4 Qa6 21. Bb2 Bb5 22.
Rc1 Bh6 23. f4 Ncd7 24. Bf1 Bxc4 25. Rxc4 Rxc4 26. bxc4 Qxc4 27. Nd4 Qc5 28. Qc1
Qxc1 29. Rxc1 exd4 30. Bxd4 Nxe4 31. Bb5 Ndc5 32. Kg2 Bg7 33. Be3 Kf8 34. f5 Ke7
35. g4 Rb8 36. Bc4 a4 37. Rf1 b3 38. axb3 axb3 39. g5 gxf5 40. Bxc5 dxc5 41.
Rxf5 b2 {White resigns} 0-1

[Event "Team 45 45 League T61"]
[Site "Internet Chess Club"]
[Date "2014.06.22"]
[Round "4"]
[White "okieman888"]
[Black "kingphisch"]
[Result "1-0"]
[WhiteElo "1458"]
[BlackElo "1517"]
[Opening "Caro-Kann: advance variation"]
[ECO "B12"]
[Time "14:00:28"]
[TimeControl "2700+45"]

1. e4 c6 2. d4 d5 3. e5 Bf5 4. h4 h5 5. Bg5 Qb6 6. Bd3 Bxd3 7. Qxd3 e6 8. Nd2
Ne7 9. Ngf3 Nd7 10. O-O Nf5 11. c4 Be7 12. Bxe7 Nxe7 13. Qa3 Qd8 14. cxd5 cxd5
15. Rac1 O-O 16. Qd6 Nc6 17. b4 Qb6 18. Qxd7 Rfd8 19. Rxc6 bxc6 20. Qe7 Rac8 21.
Ng5 Qc7 22. Qc5 Re8 23. Qc2 g6 24. Nb3 Qb6 25. a3 Rc7 26. Nc5 a5 27. bxa5 Qxa5
28. Ncxe6 fxe6 29. Qxg6+ Rg7 30. Qxe8# {Black checkmated} 1-0

[Event "Team 45 45 League T61"]
[Site "Internet Chess Club"]
[Date "2014.06.20"]
[Round "4"]
[White "g8wrb"]
[Black "jjaillet2007"]
[Result "1-0"]
[WhiteElo "1314"]
[BlackElo "1299"]
[Opening "French: Tarrasch, open variation"]
[ECO "C07"]
[Time "11:03:49"]
[TimeControl "2700+45"]

1. e4 e6 2. d4 d5 3. Nd2 c5 4. c3 Nc6 5. e5 cxd4 6. cxd4 Bb4 7. Nf3 Nge7 8. Bd3
O-O 9. O-O Qb6 10. Nb3 a5 11. a3 Nf5 12. axb4 Qxb4 13. Re1 b6 14. Bd2 Qe7 15.
Rc1 Bb7 16. Bc3 a4 17. Na1 Ba6 18. Bxa6 Rxa6 19. Qd3 Rfa8 20. Nc2 Qb7 21. Nb4
Nxb4 22. Bxb4 Rc8 23. Qb5 Raa8 24. Rc3 Rxc3 25. Bxc3 Kf8 26. Rc1 a3 27. Bb4+ Ne7
28. Bxa3 Ra5 29. Bxe7+ Kxe7 30. Qb4+ Ke8 31. h3 Qd7 32. Qxb6 Rb5 33. Qc6 Qxc6
34. Rxc6 Rxb2 35. Rc1 Ke7 36. Ng5 h6 37. Nf3 f6 38. exf6+ Kxf6 39. Kf1 g5 40.
Ke1 h5 41. Rd1 g4 42. hxg4 hxg4 43. Ne5 Kf5 44. Kf1 Kf4 45. Nd3+ {Black resigns}
1-0

[Event "Team 45 45 League T61"]
[Site "Internet Chess Club"]
[Date "2014.06.21"]
[Round "4"]
[White "Signalman"]
[Black "MetaGod"]
[Result "1/2-1/2"]
[WhiteElo "1722"]
[BlackElo "1581"]
[Opening "Queen's pawn: London system"]
[ECO "A45"]
[Time "10:08:05"]
[TimeControl "2700+45"]

1. d4 Nf6 2. Bf4 e6 3. e3 b6 4. Bd3 Bb7 5. Nf3 Be7 6. h3 O-O 7. O-O c5 8. c3
cxd4 9. cxd4 Nc6 10. a3 Rc8 11. Nbd2 d6 12. Rc1 Qd7 13. g4 a6 14. Qe2 b5 15. b4
Rc7 16. e4 Rfc8 17. Nb3 Nxd4 18. Nfxd4 e5 19. Rxc7 Rxc7 20. Bxe5 dxe5 21. Nf3
Rc3 22. Nxe5 Qd6 23. Nc5 Rxc5 24. Nxf7 Kxf7 25. bxc5 Qxc5 26. a4 Bc6 27. axb5
axb5 28. e5 Qd5 29. f3 Bc5+ 30. Kg2 Nd7 31. Bxb5 Bxb5 32. e6+ Ke7 33. Qxb5 Ne5
34. Qe2 Ng6 35. Kh1 Nf4 36. Qh2 Bd6 37. Qb2 Be5 {Game drawn by mutual agreement}
1/2-1/2

[Event "Team 45 45 League T61"]
[Site "Internet Chess Club"]
[Date "2014.06.22"]
[Round "4"]
[White "jcule"]
[Black "rayonline53"]
[Result "1/2-1/2"]
[WhiteElo "1496"]
[BlackElo "1626"]
[Opening "King's Indian, 3.Nf3"]
[ECO "E60"]
[Time "16:01:48"]
[TimeControl "2700+45"]

1. d4 Nf6 2. c4 g6 3. Nf3 Bg7 4. Bg5 d6 5. e3 O-O 6. Bd3 Nbd7 7. O-O b6 8. Nc3
Bb7 9. e4 c5 10. d5 Ng4 11. Qd2 Nge5 12. Nxe5 Nxe5 13. Be2 Nd7 14. Rab1 f5 15.
f3 fxe4 16. fxe4 Ne5 17. Rxf8+ Qxf8 18. Rf1 Qe8 19. a4 Bc8 20. h3 Bd7 21. b3 Rc8
22. Nd1 Rc7 23. Ne3 Bc8 24. Qd1 a6 25. Ng4 Nxg4 26. Bxg4 Bxg4 27. Qxg4 Qd7 28.
Qxd7 Rxd7 29. g4 h6 30. Bd2 Rd8 31. Kg2 Rf8 32. Rxf8+ Kxf8 33. Kf3 g5 34. Ke3 a5
35. Kd3 Kf7 36. Ke3 Be5 37. Kf3 Kf6 38. Be1 Bd4 39. Bd2 Ke5 40. Be1 Bb2 {Game
drawn by mutual agreement} 1/2-1/2

[Event "Team 45 45 League T61"]
[Site "Internet Chess Club"]
[Date "2014.06.22"]
[Round "4"]
[White "werty"]
[Black "KingOfClubs"]
[Result "1/2-1/2"]
[WhiteElo "1532"]
[BlackElo "1382"]
[Opening "Queen's pawn, Mason variation"]
[ECO "D00"]
[Time "14:30:13"]
[TimeControl "2700+45"]

1. d4 d5 2. Bf4 Nf6 3. e3 e6 4. Nf3 c6 5. c4 Nbd7 6. Nc3 Be7 7. b3 Qa5 8. Qc2
Bb4 9. O-O-O Bxc3 10. cxd5 cxd5 11. Kb1 Ne4 12. Bd3 Ndf6 13. a4 a6 14. Ne5 Bb4
15. Kb2 Bc3+ 16. Kb1 Bd7 17. f3 Nd2+ 18. Ka2 b5 19. e4 bxa4 20. b4 Qxb4 21. Bxd2
Bxd2 22. Rxd2 Qb3+ 23. Qxb3 axb3+ 24. Kxb3 Rb8+ 25. Kc3 dxe4 26. Bxa6 Nd5+ 27.
Kc4 exf3 28. Nxf3 O-O 29. Ne5 Rfd8 30. Nxd7 Rxd7 31. Ra1 Rc7+ 32. Kd3 Nb4+ 33.
Ke2 Nxa6 34. Rxa6 Rd8 35. Rda2 Kf8 36. Kd3 Rcd7 37. Ke3 Rxd4 38. Ra8 Rd7 39.
Rxd8+ Rxd8 40. Ra7 Ke8 41. g3 Rd7 42. Ra8+ Ke7 43. h4 Kf6 44. Ra5 h6 45. Ra4 h5
46. Rf4+ Kg6 47. Rc4 f5 48. Rc6 Kf6 49. Ra6 g6 50. Ra8 Re7 51. Ra6 Kg7 52. Kf4
Kf6 53. Rb6 Rg7 54. Rb8 e5+ 55. Ke3 Re7 56. Rb6+ Re6 57. Rb4 g5 58. Rb8 gxh4 59.
gxh4 Re7 60. Rb6+ Kg7 61. Kf3 Rf7 62. Rb5 Re7 63. Rb6 e4+ 64. Ke3 Rf7 65. Kf4
Rf6 66. Rb7+ Kg6 67. Rb5 Rf7 68. Rb6+ Kh7 69. Re6 Rf8 70. Re7+ Kg6 71. Re6+ Kg7
72. Re7+ Kf6 73. Re5 Kg6 74. Re6+ Rf6 75. Re7 Rd6 76. Re5 Rd4 77. Re6+ Kf7 78.
Re5 e3+ 79. Kxe3 Rxh4 80. Rxf5+ Kg6 81. Rf3 Kg5 82. Rg3+ Rg4 83. Rxg4+ hxg4 84.
Kf2 Kh4 85. Kg2 g3 86. Kg1 Kh3 87. Kh1 Kg4 88. Kg2 Kf4 89. Kg1 Kf3 90. Kh1 Kg4
91. Kg2 Kh4 92. Kg1 Kh3 93. Kh1 g2+ 94. Kg1 Kh4 95. Kxg2 {Game drawn because
neither player has mating material} 1/2-1/2

[Event "Team 45 45 League T61"]
[Site "Internet Chess Club"]
[Date "2014.06.22"]
[Round "4"]
[White "QuieroAprender"]
[Black "Innes"]
[Result "0-1"]
[WhiteElo "1676"]
[BlackElo "1587"]
[Opening "Four knights: Italian variation"]
[ECO "C55"]
[Time "18:36:25"]
[TimeControl "2700+45"]

1. e4 e5 2. Nf3 Nc6 3. Bc4 Nf6 4. Nc3 Be7 5. O-O O-O 6. d4 d6 7. d5 Nb8 8. h3 c5
9. b3 a6 10. a4 Nbd7 11. Bd2 b6 12. Ne2 Nxe4 13. Bc1 f5 14. Ng3 Ndf6 15. Ng5
Nxg5 16. Bxg5 f4 17. Bxf6 Rxf6 18. Ne4 Rh6 19. Re1 Bf8 20. Kh2 Qh4 21. Bf1 Bg4
22. Qd3 f3 23. g3 Qh5 24. h4 Be7 25. Bh3 Bxh3 26. Kxh3 Qf5+ 27. Kh2 Bxh4 28.
gxh4 Rxh4+ 29. Kg1 Qh3 30. Nf6+ gxf6 {White resigns} 0-1

[Event "Team 45 45 League T61"]
[Site "Internet Chess Club"]
[Date "2014.06.19"]
[Round "4"]
[White "BrerRabbit"]
[Black "drsigmund1"]
[Result "0-1"]
[WhiteElo "1499"]
[BlackElo "1570"]
[Opening "Queen's pawn"]
[ECO "A40"]
[Time "19:32:44"]
[TimeControl "2700+45"]

1. d4 e6 2. Nf3 b6 3. e3 Bb7 4. Bd3 f5 5. c4 Nf6 6. O-O Be7 7. Nc3 O-O 8. b3 Bb4
9. Bb2 Ne4 10. Rc1 Ng5 11. Be2 f4 12. Nxg5 Qxg5 13. Bf3 Bxf3 14. Qxf3 Na6 15. a3
Be7 16. Qb7 f3 17. g3 Qg4 18. Kh1 Rf6 19. Qxa8+ Bf8 20. Qe4 Qh3 21. Qh4 Qg2#
{White checkmated} 0-1

[Event "Team 45 45 League T61"]
[Site "Internet Chess Club"]
[Date "2014.06.22"]
[Round "4"]
[White "Leon13"]
[Black "JohLeb"]
[Result "0-1"]
[WhiteElo "1473"]
[BlackElo "1366"]
[Opening "Sicilian: closed, 2...Nc6"]
[ECO "B23"]
[Time "13:02:22"]
[TimeControl "2700+45"]

1. e4 c5 2. Nc3 Nc6 3. Bb5 a6 4. Bxc6 bxc6 5. f4 d5 6. e5 e6 7. Nf3 Nh6 8. h3
Nf5 9. O-O Be7 10. d3 a5 11. Na4 Ng3 12. Rf2 O-O 13. Be3 d4 14. Bc1 Nf5 15. Qe1
Bh4 16. Nxh4 Qxh4 17. Nxc5 f6 18. exf6 Rxf6 19. Ne4 Rg6 20. Re2 Qxh3 21. Kf1
Qh1+ 22. Kf2 Qxg2# {White checkmated} 0-1

[Event "Team 45 45 League T61"]
[Site "Internet Chess Club"]
[Date "2014.06.21"]
[Round "4"]
[White "PsyMar"]
[Black "JOFRAN"]
[Result "1-0"]
[WhiteElo "1364"]
[BlackElo "1317"]
[Opening "Polish (Sokolsky) opening"]
[ECO "A00"]
[Time "20:00:15"]
[TimeControl "2700+45"]

1. b4 e5 2. Bb2 Nf6 3. c4 Nc6 4. b5 Nd4 5. e3 Nf5 6. Bxe5 Bc5 7. Nf3 O-O 8. Be2
d6 9. Bc3 Be6 10. O-O Qe7 11. d4 Bb6 12. a4 c6 13. Nbd2 Rab8 14. Re1 cxb5 15.
axb5 Bc8 16. Nb3 Nd7 17. Bd3 Nh6 18. Qc2 g6 19. Bb4 a6 20. c5 dxc5 21. dxc5 Bc7
22. Qc3 Ne5 23. c6 Nxf3+ 24. gxf3 Qg5+ 25. Kf1 Rd8 26. Ke2 Bf5 27. Red1 bxc6 28.
bxa6 Be5 29. Nd4 Bxd4 30. exd4 Re8+ 31. Be4 Bxe4 32. fxe4 Qb5+ 33. Rd3 Qxb4 34.
a7 Qxc3 35. axb8=Q Rxb8 36. Rxc3 Rb6 37. Rac1 Rb2+ 38. R1c2 Rb1 39. Rxc6 Rb8 40.
Rc8+ Rxc8 41. Rxc8+ Kg7 42. d5 Kf6 43. Re8 Ng4 44. d6 Ne5 45. Rxe5 Kxe5 46. d7
Ke6 47. d8=Q Ke5 48. Ke3 f5 49. exf5 Kxf5 50. Qe7 Kg4 51. h4 Kf5 52. f4 h5 53.
Qg5+ Ke6 54. Ke4 Kf7 55. Kd5 Kg7 56. Ke6 Kh7 57. Kf7 Kh8 58. Qh6# {Black
checkmated} 1-0

[Event "Team 45 45 League T61"]
[Site "Internet Chess Club"]
[Date "2014.06.23"]
[Round "4"]
[White "SirIvanhoe"]
[Black "Bryant-L"]
[Result "1/2-1/2"]
[WhiteElo "1707"]
[BlackElo "1688"]
[Opening "French: King's Indian attack"]
[ECO "C00"]
[Time "18:00:16"]
[TimeControl "2700+45"]

1. e4 e6 2. d3 d5 3. Nd2 Nf6 4. Ngf3 c5 5. g3 Nc6 6. Bg2 b6 7. O-O Bb7 8. e5 Nd7
9. Re1 Qc7 10. Qe2 Be7 11. Nf1 h6 12. c3 Ba6 13. Qe3 Rc8 14. a3 c4 15. d4 Na5
16. N1d2 Bb7 17. Qe2 Bc6 18. Rf1 Ba4 19. Ne1 Nb3 20. Rb1 a5 21. f4 Nf8 22. f5
Nxc1 23. Rxc1 Bc6 24. Qf2 Bg5 25. h4 Bxd2 26. Qxd2 Qd7 27. Bh3 exf5 28. Bxf5 Ne6
29. Kh2 Qe7 30. Ng2 Bd7 31. Rf2 Nc7 32. Rcf1 Bxf5 33. Rxf5 O-O 34. Qf2 b5 35.
Ne3 Rcd8 36. Nc2 Rb8 37. Qf3 Rbd8 38. Qg4 Kh7 39. Qf3 Kg8 {Game drawn by mutual
agreement} 1/2-1/2

[Event "Team 45 45 League T61"]
[Site "Internet Chess Club"]
[Date "2014.06.23"]
[Round "4"]
[White "tamky70"]
[Black "CaptK"]
[Result "0-1"]
[WhiteElo "1395"]
[BlackElo "1659"]
[Opening "King's Indian: East Indian defense"]
[ECO "A48"]
[Time "13:30:19"]
[TimeControl "2700+45"]

1. d4 Nf6 2. Nf3 g6 3. Nbd2 Bg7 4. c3 d6 5. e4 O-O 6. Bd3 e5 7. O-O Nbd7 8. Re1
b6 9. Nf1 a5 10. Ng5 Nh5 11. Nf3 Bb7 12. Ng3 Nxg3 13. hxg3 Re8 14. Ng5 exd4 15.
Bc4 d5 16. Bxd5 Bxd5 17. exd5 dxc3 18. Rxe8+ Qxe8 19. Rb1 cxb2 20. Bxb2 Bxb2 21.
Rxb2 Qe5 22. Nf3 Qxb2 {White resigns} 0-1

[Event "Team 45 45 League T61"]
[Site "Internet Chess Club"]
[Date "2014.06.21"]
[Round "4"]
[White "Gilguli"]
[Black "HorseRadish"]
[Result "0-1"]
[WhiteElo "1358"]
[BlackElo "1389"]
[Opening "French: Steinitz attack"]
[ECO "C00"]
[Time "09:01:49"]
[TimeControl "2700+45"]

1. e4 e6 2. e5 Bc5 3. d4 Bb6 4. Qg4 g6 5. Bg5 h5 6. Qf4 Ne7 7. Bf6 Rf8 8. Nf3
Nd5 9. Qg5 Ne7 10. Nc3 d6 11. O-O-O d5 12. h3 Nd7 13. g4 Nxf6 14. exf6 Ng8 15.
gxh5 gxh5 16. Bb5+ c6 17. Ba4 Nxf6 18. Rhe1 Bd7 19. Nh4 Rg8 20. Qf4 Bc7 21. Qe3
Bd6 22. Nf5 Qc7 23. Ne2 O-O-O 24. Nxd6+ Qxd6 25. Rg1 Ne4 26. f3 Ng3 27. Nxg3
Rxg3 28. c3 Rxh3 29. Rg7 Rf8 30. Rdg1 h4 31. Rh7 b6 32. Rg4 Rh1+ 33. Bd1 h3 34.
Qe5 Kc7 35. Qxd6+ Kxd6 36. Rg3 e5 37. Rh6+ f6 38. Rh7 exd4 39. cxd4 c5 40. Rgg7
Rd8 41. dxc5+ bxc5 42. Kd2 h2 43. f4 Rg1 44. Bf3 Rxg7 45. Rxg7 Rh8 46. Rg6
{White resigns} 0-1

[Event "Team 45 45 League T61"]
[Site "Internet Chess Club"]
[Date "2014.06.23"]
[Round "4"]
[White "Tribe97"]
[Black "QuimCatala"]
[Result "1-0"]
[WhiteElo "1348"]
[BlackElo "1395"]
[Opening "English opening"]
[ECO "A10"]
[Time "17:12:51"]
[TimeControl "2700+45"]

1. c4 d5 2. cxd5 Qxd5 3. Nc3 Qa5 4. e4 c6 5. Nf3 e5 6. Qb3 Nf6 7. Bc4 Qc7 8. Ng5
Be6 9. Bxe6 fxe6 10. Qxe6+ Qe7 11. Qc8+ Qd8 12. Qxb7 Nbd7 13. Qxc6 Be7 14. Ne6
Qc8 15. Qxc8+ Rxc8 16. O-O Kf7 17. Ng5+ Ke8 18. d3 h6 19. Nf3 Rf8 20. h3 Bc5 21.
Re1 Nh5 22. Be3 Nf4 23. Bxc5 Nxc5 24. Nxe5 Nfxd3 25. Nxd3 Nxd3 26. Re2 Nxb2 27.
Rxb2 Rxc3 28. Rb8+ Kf7 29. Rxf8+ Kxf8 30. f3 Ke7 31. a4 a5 32. Kf2 Ke6 33. g4
Ke5 34. Rb1 Kf4 35. Rb5 Rxf3+ 36. Kg2 Ra3 37. Rxa5 Ra2+ 38. Kf1 Kf3 39. Rf5+
Kxe4 40. a5 g6 41. Rf6 Rxa5 42. Rxg6 Kf3 43. Rf6+ Kg3 44. Rxh6 Ra2 45. g5 Rf2+
46. Ke1 Rf5 47. h4 Kg4 48. Rh8 Re5+ 49. Kd2 Re6 50. Rh6 Re8 51. g6 Rg8 52. h5
Kg5 53. Rh7 Kf6 54. Ke3 Rg7 55. Rxg7 Kxg7 56. Kf4 Kh6 57. Kf5 Kg7 58. h6+ Kh8
59. Kf6 Kg8 60. h7+ Kh8 61. g7+ Kxh7 62. Kf7 Kh6 63. g8=Q Kh5 64. Kf6 Kh4 65.
Kf5 Kh3 66. Kf4 Kh2 67. Kf3 Kh1 68. Kf2 {Black resigns} 1-0

[Event "Team 45 45 League T61"]
[Site "Internet Chess Club"]
[Date "2014.06.21"]
[Round "4"]
[White "blerkoid"]
[Black "alexine"]
[Result "1/2-1/2"]
[WhiteElo "1634"]
[BlackElo "1605"]
[Opening "Scotch: Schmidt variation"]
[ECO "C45"]
[Time "15:01:20"]
[TimeControl "2700+45"]

1. e4 e5 2. Nf3 Nc6 3. d4 exd4 4. Nxd4 Nf6 5. Nxc6 bxc6 6. Nc3 Bb4 7. Bd3 d5 8.
O-O O-O 9. exd5 cxd5 10. Qf3 Bg4 11. Qe3 d4 12. Qf4 Bd6 13. Qd2 dxc3 14. Qxc3
Re8 15. h3 Be6 16. Bg5 Be7 17. Rfe1 Nd5 18. Bxe7 Nxc3 19. Bxd8 Rexd8 20. bxc3
Rab8 21. Re2 Rb2 22. a3 Rxd3 23. Rxe6 fxe6 24. cxd3 Rb3 25. Rc1 Rxa3 26. Kf1 Ra2
27. Rb1 a5 28. Rb8+ Kf7 29. Rb7 a4 30. Rxc7+ Kf6 31. Ra7 a3 32. c4 Ra1+ 33. Ke2
Ke5 34. Rxg7 a2 35. Ra7 Kd4 36. Ra3 Kc5 37. g4 Kb4 38. Ra7 Kb3 39. Rb7+ Kc2 40.
Ra7 Kb2 41. Rb7+ Kc2 42. Ra7 Kc3 43. g5 Kb2 44. g6 hxg6 45. Rb7+ Kc2 46. Ra7 Kb2
47. Rb7+ Kc2 48. Ra7 Kb2 49. Rb7+ Kc2 50. Ra7 Kb2 51. Rb7+ Kc2 52. Ra7 {Game
drawn by repetition} 1/2-1/2

[Event "Team 45 45 League T61"]
[Site "Internet Chess Club"]
[Date "2014.06.24"]
[Round "4"]
[White "Chess4Him"]
[Black "Bible-Believer"]
[Result "1-0"]
[WhiteElo "1528"]
[BlackElo "1529"]
[Opening "Queen's pawn: London system"]
[ECO "A45"]
[Time "14:00:19"]
[TimeControl "2700+45"]

1. d4 Nf6 2. Bf4 g6 3. e3 Bg7 4. Nf3 d6 5. h3 O-O 6. Be2 c5 7. c3 Qb6 8. Qb3 Be6
9. Qxb6 axb6 10. c4 d5 11. Nc3 Na6 12. a3 Nh5 13. Be5 dxc4 14. d5 Bxe5 15. Nxe5
f6 16. dxe6 fxe5 17. Nd5 {Black resigns} 1-0

[Event "Team 45 45 League T61"]
[Site "Internet Chess Club"]
[Date "2014.06.22"]
[Round "4"]
[White "BotanicalKnight"]
[Black "jjaillet2007"]
[Result "1/2-1/2"]
[WhiteElo "1506"]
[BlackElo "1308"]
[Opening "French: Labourdonnais variation"]
[ECO "C00"]
[Time "21:00:47"]
[TimeControl "2700+45"]

1. e4 e6 2. f4 d5 3. e5 c5 4. g3 Nc6 5. Nf3 Nge7 6. Bg2 f6 7. exf6 gxf6 8. d3
Bg7 9. Nh4 O-O 10. O-O e5 11. Nc3 Nf5 12. Bxd5+ Kh8 13. Qh5 Nxh4 14. Qxh4 Nb4
15. Bb3 b6 16. fxe5 fxe5 17. Bg5 Qd4+ 18. Qxd4 exd4 19. Rxf8+ Bxf8 20. Ne4 Bb7
21. Nd6 Bd5 22. Bxd5 Nxd5 23. Nf7+ Kg7 24. Rf1 {Game drawn by mutual agreement}
1/2-1/2

[Event "Team 45 45 League T61"]
[Site "Internet Chess Club"]
[Date "2014.06.22"]
[Round "4"]
[White "stantheman59"]
[Black "kingsrook"]
[Result "1-0"]
[WhiteElo "1249"]
[BlackElo "1321"]
[Opening "Sicilian defense"]
[ECO "B40"]
[Time "16:01:51"]
[TimeControl "2700+45"]

1. e4 c5 2. Nf3 e6 3. Bc4 d5 4. exd5 exd5 5. Bd3 Nf6 6. b3 Nc6 7. Bb2 Be7 8. O-O
O-O 9. Re1 Bg4 10. Be2 Qc7 11. Nc3 a6 12. a3 d4 13. Nb1 Rad8 14. c3 d3 15. Bf1
Rfe8 16. Re3 Ne5 17. Rxe5 Qxe5 18. Qe1 Qxe1 19. Nxe1 Bf5 20. c4 Bd6 21. Nc3 Be5
22. b4 b6 23. h3 h6 24. Na4 Bxb2 25. Nxb2 Re6 26. g4 Be4 27. f3 Bg6 28. Ng2 Rd4
29. f4 Bh7 30. Ne1 Rxf4 31. Bxd3 Rd6 32. bxc5 bxc5 33. Bxh7+ Kxh7 34. Ned3 Ne4
35. Nxf4 Rxd2 36. Na4 Rc2 37. Nb6 Nd6 38. Nd3 Nxc4 39. Nxc4 Rxc4 40. Rc1 Ra4 41.
Rc3 Ra5 42. Nxc5 Kg6 43. Kf2 f5 44. gxf5+ Kxf5 45. Nb7 Rd5 46. Rc5 Ke5 47. Rxd5+
Kxd5 48. Nd8 g5 49. Nf7 Kc4 50. Nxh6 Kd4 51. Nf7 Kc4 52. Nxg5 Kb3 53. h4 Kxa3
54. h5 a5 55. h6 a4 56. h7 Kb3 57. h8=Q a3 58. Qb8+ Ka4 59. Qb1 a2 60. Qxa2+ Kb4
61. Ke3 Kc5 62. Qb3 Kd6 63. Ke4 Kc5 64. Ne6+ Kd6 65. Kf5 Kc6 66. Qd3 Kb6 67. Qc3
Kb5 68. Ke5 Kb6 69. Kd5 Kb5 70. Qb3+ Ka6 71. Kc5 Ka7 72. Kc6 {Black resigns} 1-0

[Event "Team 45 45 League T61"]
[Site "Internet Chess Club"]
[Date "2014.06.20"]
[Round "4"]
[White "BrianWood"]
[Black "SATELLITE-DAN"]
[Result "1-0"]
[WhiteElo "1489"]
[BlackElo "1542"]
[Opening "Giuoco Piano"]
[ECO "C54"]
[Time "22:03:40"]
[TimeControl "2700+45"]

1. e4 e5 2. Nf3 Nc6 3. Bc4 Nf6 4. c3 Bc5 5. d4 exd4 6. cxd4 Bb4+ 7. Nc3 Nxe4 8.
O-O Bxc3 9. bxc3 O-O 10. Qc2 d5 11. Bd3 f5 12. Ba3 Rf6 13. Ne5 Qe8 14. Bxe4 fxe4
15. f4 Bf5 16. Qb3 Nxe5 17. fxe5 Rb6 18. Qxd5+ Be6 19. Qxe4 Rd8 20. Rf8+ Qxf8
21. Bxf8 Rxf8 22. d5 Bf5 23. Qc4 Bd7 24. d6+ Kh8 25. Qxc7 Bc6 26. Rf1 Rxf1+ 27.
Kxf1 Rb1+ 28. Kf2 Rb2+ 29. Ke3 h6 30. d7 {Black resigns} 1-0

[Event "Team 45 45 League T61"]
[Site "Internet Chess Club"]
[Date "2014.06.20"]
[Round "4"]
[White "Tjet"]
[Black "chessman64"]
[Result "1-0"]
[WhiteElo "1477"]
[BlackElo "1375"]
[Opening "English: Caro-Kann defensive system"]
[ECO "A11"]
[Time "15:04:41"]
[TimeControl "2700+45"]

1. c4 c6 2. Nc3 d5 3. cxd5 cxd5 4. d4 e6 5. g3 Bd7 6. Bg2 Nc6 7. Nf3 Nf6 8. Bg5
Be7 9. O-O h6 10. Bd2 a6 11. a3 Bd6 12. e3 Rb8 13. Ne1 Ne7 14. Nd3 b6 15. f4 Ng6
16. Ne5 Bxe5 17. fxe5 Nh7 18. Qe2 b5 19. b4 O-O 20. e4 dxe4 21. Nxe4 Bc6 22. Be3
Bxe4 23. Bxe4 Ng5 24. Bxg6 fxg6 25. Rxf8+ Kxf8 26. Rf1+ Nf7 27. Qg4 Qe7 28. Qxg6
Kg8 29. Rc1 Qb7 30. Qxe6 Qf3 31. Bf2 Qxa3 32. Rc8+ Rxc8 33. Qxc8+ Kh7 34. Qf5+
Kg8 35. e6 Nd6 36. Qd5 Qc1+ 37. Kg2 Ne8 38. e7+ Kh7 39. Qf5+ g6 40. Qf7+ Ng7 41.
e8=Q {Black resigns} 1-0

[Event "Team 45 45 League T61"]
[Site "Internet Chess Club"]
[Date "2014.06.21"]
[Round "4"]
[White "TimeCo"]
[Black "dabodhi"]
[Result "1-0"]
[WhiteElo "1358"]
[BlackElo "1311"]
[Opening "Queen's pawn: Yusupov-Rubinstein system"]
[ECO "A46"]
[Time "15:00:31"]
[TimeControl "2700+45"]

1. d4 Nf6 2. Nf3 e6 3. e3 b6 4. Bd3 Nc6 5. Nbd2 Nb4 6. Be2 Bb7 7. a3 Nc6 8. b3
d5 9. Bb2 Bd6 10. O-O Qe7 11. Ne5 Nd7 12. Bb5 Ncb8 13. f4 a6 14. Bd3 Nc6 15. Qe2
O-O-O 16. Bxa6 Bxe5 17. fxe5 f5 18. c4 Bxa6 19. b4 Bxc4 20. Nxc4 dxc4 21. Qxc4
Ndb8 22. Rfc1 Qd7 23. a4 Qd5 24. a5 Qxc4 25. Rxc4 bxa5 26. bxa5 Rd5 27. Bc3 Kd7
28. a6 Na7 29. Bb4 Nbc6 30. Bc5 Rb8 31. Rac1 Rc8 32. Rb1 Ra8 33. Ra4 Ke8 34. Rb7
Rdd8 35. Rxc7 Rdc8 36. Rxg7 h5 37. Rh7 Kd8 38. Rxh5 Nb8 39. Rh6 Rc6 40. Rh8+ Kc7
41. Bd6+ Rxd6 42. exd6+ Kxd6 43. h4 Nac6 44. a7 Nxa7 45. h5 Ke7 46. h6 Kf7 47.
h7 Kg7 48. Re8 Kxh7 49. Re7+ Kg6 50. Rexa7 Rxa7 51. Rxa7 Nc6 52. Ra6 Nd8 53. Rd6
Nf7 54. Rxe6+ Kg5 55. Kf2 Nd8 56. Ra6 Nf7 57. g3 Nh6 58. d5 Ng4+ 59. Kf3 Ne5+
60. Ke2 Kg4 61. d6 {Black forfeits on time} 1-0